 Dungeon Crawl Stone Soup version 0.25-a0-589-g1e14c549ee (webtiles) character file.

Game seed: 16766698713273082320, levelgen mode: deterministic

72 Lugonue the Stinger (level 4, -8/27 HPs)
             Began as an Octopode Venom Mage on Mar 11, 2020.
             Was a Follower of Nemelex Xobeh.
             Splashed by Ijyb's acid (11 damage)
             ... on level 3 of the Dungeon.
             The game lasted 00:03:59 (2575 turns).

Lugonue the Stinger (Octopode Venom Mage)           Turns: 2575, Time: 00:04:02

Health: -8/27      AC: -3    Str:  7    XL:     4   Next: 26%
Magic:  7/7        EV: 13    Int: 18    God:    Nemelex Xobeh [*.....]
Gold:   108        SH:  0    Dex: 12    Spells: 0/7 levels left

rFire    . . .     SeeInvis .   e - +0 short sword
rCold    . . .     Gourm    .   (no shield)
rNeg     . . .     Faith    .   (helmet restricted)
rPois    .         Spirit   .   (no amulet)
rElec    .         Reflect  .   (no ring)
rCorr    .         Harm     .   (no ring)
MR       .....                  (no ring)
Stlth    +++.......             (no ring)
HPRegen  0.09/turn              (no ring)
MPRegen  0.10/turn              (no ring)
                                (no ring)
                                (no ring)

@: corroded
A: almost no armour, stealthy swim, amphibious, 8 rings, constrict 8, camouflage
1, gelatinous body 1
a: Draw Escape, Draw Destruction, Draw Summoning, Renounce Religion


You were on level 3 of the Dungeon.
You worshipped Nemelex Xobeh.
Nemelex Xobeh was aware of your devotion.
You were not hungry.

You visited 1 branch of the dungeon, and saw 3 of its levels.

You collected 108 gold pieces.

Inventory:

Hand Weapons
 e - a +0 short sword (weapon)
Missiles
 g - 5 boomerangs (quivered)
Scrolls
 a - 2 scrolls of remove curse {unknown}
 c - a scroll of noise {unknown}
 d - a scroll of amnesia {unknown}
 h - 2 scrolls of teleportation {unknown}
 l - 3 scrolls of identify {unknown}
 m - a scroll of fog {unknown}
Potions
 f - a potion of mutation {unknown}
 i - a potion of brilliance {unknown}
 j - a potion of ambrosia {unknown}
 k - a potion of flight {unknown}
 n - a potion of stabbing {unknown}
 o - a potion of curing {unknown}
 p - a potion of degeneration {unknown}
 r - 2 potions of cancellation {unknown}
Comestibles
 b - 8 rations


   Skills:
 + Level 0.3 Fighting
 + Level 1.1 Short Blades
 + Level 2.5 Dodging
 + Level 3.5 Stealth
 + Level 2.4 Spellcasting
 + Level 1.2 Transmutations
 + Level 0.1 Air Magic
 + Level 4.2 Poison Magic


You couldn't memorise any spells.
You knew the following spells:

 Your Spells              Type           Power        Failure   Level  Hunger
a - Sting                 Tmut/Pois      ##..         5%          1    #......
b - Poisonous Vapours     Pois/Air       ##....       11%         2    ##.....
c - Olgreb's Toxic Radia  Pois           ###.....     30%         4    #####..

Your spell library contained the following spells:

 Spells                   Type           Power        Failure   Level  Hunger
 Ignite Poison            Fire/Tmut/Pois #.......     24%         3    ###....
 Mephitic Cloud           Conj/Pois/Air  #.......     28%         3    ###....


Dungeon Overview and Level Annotations

Branches:
Dungeon (3/15)

Altars:
Nemelex Xobeh

Annotations:
D:3 Ijyb


Innate Abilities, Weirdness & Mutations

You cannot wear most types of armour.
You are very stealthy in the water. (Stealth+)
You are amphibious.
You can wear up to eight rings at the same time.
You can use your tentacles to constrict eight enemies at once.
Your skin changes colour to match your surroundings (Stealth+).
Your rubbery body absorbs attacks. (AC +1, EV +1)


Message History

Unknown command.
Press < or > to pray at altars.
Things that are here:
a +0 flail; an orc corpse
Things that are here:
a +0 morningstar; a +0 chain mail
Things that are here:
a +0 mace; a +0 leather armour
There is a sparkling altar of Nemelex Xobeh here.
A hobgoblin comes into view.
A hobgoblin is nearby!
The hobgoblin shouts!
You hear a shout!
Ijyb the Twisted Goblin comes into view.
She is wielding a +0 dagger and carrying a wand of acid (13).
Ijyb shouts!
Ijyb zaps a wand.
The bolt of acid hits you!!
Ouch! That really hurt!
* * * LOW HITPOINT WARNING * * *
The acid corrodes you!
You are splashed with acid!
You die...
Your body disappears without a glow.

######## ######.)..).# .
#..>##..#)..# ..
#...##.#_#).# ...
#...#...#..##### ....
...........#... .....
#....#.....#.#####......
................@..g....
.........#....##....=...
..#.########...#.##g....
..#.# #...#.. .... ..#..
#...#.## ### ..##..
.#.##.. ..# ..#.##.. ..#
..#.#### ..#


You could see Ijyb and a hobgoblin.

Vanquished Creatures
  A worm (D:2)
  3 dart slugs
  2 leopard geckos (D:2)
  6 orcs (D:3)
  10 bats
  2 giant cockroaches
  6 goblins
  10 hobgoblins
  4 frilled lizards
  5 kobolds
  4 rats (D:1)
53 creatures vanquished.

Notes
Turn   | Place    | Note
-------+----------+-------------------------------------------
     0 | D:1      | Lugonue the Octopode Venom Mage began the quest for the
                  | Orb.
     0 | D:1      | Reached XP level 1. HP: 11/11 MP: 3/3
   707 | D:1      | Reached XP level 2. HP: 17/17 MP: 5/5
   711 | D:1      | Learned a level 2 spell: Poisonous Vapours
   964 | D:1      | Reached skill level 4 in Poison Magic
  1074 | D:1      | Reached XP level 3. HP: 13/21 MP: 6/6
  2123 | D:3      | Reached XP level 4. HP: 21/27 MP: 7/7
  2130 | D:3      | Learned a level 4 spell: Olgreb's Toxic Radiance
  2138 | D:3      | Reached skill level 1 in Short Blades
  2541 | D:3      | Found a faded altar of an unknown god.
  2557 | D:3      | Became a worshipper of Nemelex Xobeh the Trickster
  2557 | D:3      | Received a gift from Nemelex Xobeh
  2557 | D:3      | Reached * piety under Nemelex Xobeh
  2574 | D:3      | Noticed Ijyb
  2575 | D:3      | Splashed by Ijyb's acid

Levels and vault maps discovered:
D:1:      dpeg_arrival_concentric_ovals, layout_basic, minmay_misc_feat_encased,
          hangedman_decor_clover_reticule
D:2:      layout_basic, first_ration
D:3:      minmay_angry_zag, layout_basic, chequers_ecumenical_altar_simple,
          minmay_puff, uniq_ijyb

Skill      XL: |  1  2  3  4 |
---------------+-------------+-----
Stealth        | 3 |  3.5
Poison Magic   | 4 |  4.2
Short Blades   | 1 |  1.1
Fighting       | |  0.3
Dodging        | |  2.5
Spellcasting   | |  2.4
Transmutations | |  1.2
Air Magic      | |  0.1

Action                   |  1- 3 |  4- 6 || total
-------------------------+-------+-------++-------
Melee: Unarmed           |    31 |       ||    31
       Constrict         |    25 |     4 ||    29
       Tentacles         |    10 |     4 ||    14
       Short sword       |    60 |    17 ||    77
 Cast: Sting             |    13 |     1 ||    14
       Poisonous Vapours |     4 |       ||     4
 Stab: Sleeping          |    10 |     4 ||    14
  Eat: Chunk             |     4 |     2 ||     6
Armor: Skin              |     6 |       ||     6
Dodge: Dodged            |    62 |     6 ||    68

Table legend:
 A = Non-vault XP
 B = Vault XP
 C = Vault XP percentage of total XP
 D = Non-vault monster count
 E = Vault monster count
 F = Vault count percentage of total count
                 A         B        C        D         E       F
            +---------+---------+-------+---------+---------+-------
      Total |      95 |       9 |   8.7 |      49 |       4 |   7.5
            +---------+---------+-------+---------+---------+-------
        D:1 |      46 |       0 |   0.0 |      28 |       0 |   0.0
        D:2 |      29 |       0 |   0.0 |      14 |       0 |   0.0
        D:3 |      20 |       9 |  31.0 |       7 |       4 |  36.4
            +---------+---------+-------+---------+---------+-------
